 Dungeon Crawl Stone Soup version 0.26.0-10-g1f06aea511 (webtiles) character file.

Game seed: 5886813766352420417

2683 xSliceyx the Blocker (level 9, -4/74 HPs)
             Began as a Formicid Fighter on Jan 13, 2021.
             Was a Follower of Okawaru.
             Slain by a wight
             ... wielding a +1 battleaxe of freezing
              (11 damage)
             ... on level 6 of the Dungeon.
             The game lasted 00:25:31 (7577 turns).

xSliceyx the Blocker (Formicid Fighter)             Turns: 7577, Time: 00:25:32

Health: -4/74      AC: 12    Str: 24    XL:     9   Next: 96%
Magic:  10/12      EV: 17    Int:  8    God:    Okawaru [*.....]
Gold:   430        SH: 14    Dex: 16    Spells: 8/8 levels left

rFire    . . .     SeeInvis +   p - +2 mace (drain)
rCold    . . .     Faith    .   c - +0 kite shield
rNeg     . . .     Spirit   .   b - +0 scale mail
rPois    .         Reflect  .   (helmet unavailable)
rElec    .         Harm     .   y - +0 cloak
rCorr    .         Rampage  .   v - +0 pair of gloves
Will     .....                  (no boots)
Stlth    ++........             (no amulet)
HPRegen  0.22/turn              s - +6 ring of dexterity
MPRegen  0.13/turn              r - +4 ring of evasion

@: heroism
A: permanent stasis, dig shafts and tunnels, four strong arms, antennae 3
a: Dig, Shaft Self, Renounce Religion, Heroism


You were on level 6 of the Dungeon.
You worshipped Okawaru.
Okawaru was aware of your devotion.
You visited 2 branches of the dungeon, and saw 8 of its levels.

You collected 534 gold pieces.
You spent 104 gold pieces at shops.

Inventory:

Hand Weapons
 p - a +2 mace of draining (weapon)
 K - a +1 great sword
Missiles
 C - 10 poisoned darts
Armour
 b - a +0 scale mail (worn)
 c - a +0 kite shield (worn)
 g - a +0 chain mail
 n - a +3 plate armour
 v - a +0 pair of gloves (worn)
 y - a +0 cloak (worn)
Jewellery
 r - a +4 ring of evasion (right hand)
 s - a +6 ring of dexterity (left hand)
 F - an uncursed ring of protection from cold
Wands
 H - a wand of polymorph (27)
 J - a wand of random effects (17)
 L - a wand of paralysis (3)
Scrolls
 e - 5 scrolls of identify
 h - a scroll of blinking
 i - 3 scrolls of teleportation {unknown}
 j - a scroll of random uselessness {unknown}
 m - 2 scrolls of amnesia {unknown}
 o - 4 scrolls of remove curse
 t - 2 scrolls of enchant weapon {unknown}
 w - 2 scrolls of fear {unknown}
 D - a scroll of immolation {unknown}
 E - 3 scrolls of magic mapping
 G - a scroll of enchant armour {unknown}
Potions
 a - 2 potions of degeneration {unknown}
 d - a potion of ambrosia {unknown}
 f - a potion of resistance {unknown}
 k - 2 potions of heal wounds {unknown}
 l - 4 potions of mutation
 q - a potion of curing
 u - a potion of lignification {unknown}
 x - 2 potions of berserk rage {unknown}
 z - a potion of invisibility
 A - 2 potions of attraction {unknown}
 B - a potion of magic {unknown}
 I - a potion of haste {unknown}


   Skills:
 + Level 8.0(13.0) Fighting
 - Level 2.0(7.0) Long Blades
 + Level 8.0(13.0) Armour
 + Level 8.7(13.7) Shields
 + Level 4.2 Invocations
 + Level 4.6 Evocations


You had 8 spell levels left.
You didn't know any spells.
Your spell library contained the following spells:

 Spells                   Type           Power        Failure   Level
 Ignite Poison            Fire/Tmut/Pois 0%           94%         3
 Fireball                 Conj/Fire      0%           100%        5
 Starburst                Conj/Fire      0%           100%        6
 Ignition                 Fire           0%           100%        8


Dungeon Overview and Level Annotations

Branches:
Dungeon (7/15)             Temple (1/1) D:6

Altars:
Ashenzari
Cheibriados
Dithmenos
Fedhas
Gozag
Hepliaklqana
Kikubaaqudgha
Makhleb
Nemelex Xobeh
Okawaru
Qazlal
Ru
Sif Muna
Trog
Uskayaw
Vehumet
Wu Jian
Xom
Yredelemnul
Zin
The Shining One

Shops:
D:5 !(?::   D:6 *   D:7 (

Annotations:
D:5 2 transporters, lessens's ghost, novice TeAK


Innate Abilities, Weirdness & Mutations

You cannot be hasted, slowed, berserked, paralysed or teleported.
You can dig through walls and to a lower floor.
Your four strong arms can wield two-handed weapons with a shield.
You have a pair of large antennae on your head. (SInv)


Message History

You block the wraith's attack.
You barely miss the wight. The wraith hits you!
* * * LOW HITPOINT WARNING * * *
The wight hits you with a +1 battleaxe of freezing.
* * * LOW HITPOINT WARNING * * *
The wight freezes you.
* * * LOW HITPOINT WARNING * * *
You hit the wight.
The wight is moderately damaged.
The wraith hits you!
* * * LOW HITPOINT WARNING * * *
The wight closely misses you. The wraith completely misses you.
Your scale mail prevents you from hitting the wight.
The wight is moderately damaged.
You block the wight's attack. You block the wraith's attack.
You hit the wight but do no damage.
The wight is moderately damaged.
The wraith misses you.
The wight hits you with a +1 battleaxe of freezing!
You die...

######## ####### #...#...
......# #.⌠.#.⌠.
#####(##############
#...#... #.(............#
##.###.#
#####..[.......z...#
#...#...
........(.......@..#
#.⌠...>.
#.###........._[W..#
#...#...
#.###..............#
######.#
......#####........##
#...#...
..##############....#
#.⌠...⌠.
..##...........#..#.##
#...#...
..##.##....###....#..##
######.#
..##.#.....'.#...###..##
#.#
..##.#.....#.#..##.##..##
##.#


You could see a wraith and a wight.

Vanquished Creatures
  An unseen horror (D:7)
  Sigmund (D:3)
  2 sky beasts (D:7)
  2 ice beasts (D:7)
  A necrophage (D:6)
  3 ogres
  A centaur (D:6)
  3 bullfrogs
  4 scorpions
  A wight (D:6)
  3 crimson imps (D:5)
  3 hounds
  An orc priest (D:3)
  4 orc wizards
  Terence (D:3)
  Jessica (D:3)
  An iguana (D:6)
  Natasha (thrice) (D:3)
  3 worker ants
  4 gnolls (D:7)
  11 adders
  3 ufetubi
  3 worms
  3 dart slugs
  4 leopard geckos
  20 orcs
  8 bats
  3 giant cockroaches
  2 goblins (D:2)
  5 hobgoblins
  6 jackals
  11 kobolds
  4 quokkas
  A ball python (D:1)
  6 frilled lizards
  A leopard gecko zombie (D:6)
  9 rats
143 creatures vanquished.

Notes
Turn   | Place    | Note
-------+----------+-------------------------------------------
     0 | D:1      | xSliceyx the Formicid Fighter began the quest for the Orb.
     0 | D:1      | Reached XP level 1. HP: 18/18 MP: 1/1
   124 | D:1      | Reached XP level 2. HP: 24/24 MP: 2/2
   650 | D:1      | Reached XP level 3. HP: 29/30 MP: 3/3
  1497 | D:2      | Reached XP level 4. HP: 10/37 MP: 4/4
  1950 | D:2      | Reached XP level 5. HP: 31/42 MP: 5/5
  2149 | D:2      | Found a stormy altar of Qazlal.
  2394 | D:2      | Noticed a moth of wrath
  2397 | D:2      | Found a bloodstained altar of Trog.
  2734 | D:3      | Noticed Terence
  2749 | D:3      | Killed Terence
  2750 | D:3      | Reached skill level 5 in Shields
  2918 | D:3      | Reached XP level 6. HP: 46/49 MP: 6/6
  3048 | D:3      | Found a blossoming altar of Fedhas.
  3502 | D:3      | Noticed Jessica
  3511 | D:3      | Killed Jessica
  3512 | D:3      | Reached skill level 5 in Armour
  3534 | D:3      | Noticed Natasha
  3546 | D:3      | Killed Natasha
  3547 | D:3      | Reached skill level 5 in Fighting
  3655 | D:3      | Noticed Sigmund
  3664 | D:3      | Killed Sigmund
  3665 | D:3      | Reached XP level 7. HP: 41/56 MP: 7/7
  3885 | D:3      | Noticed Natasha
  3897 | D:3      | Killed Natasha
  4025 | D:3      | Noticed Natasha
  4027 | D:3      | Killed Natasha
  4760 | D:5      | Entered Level 5 of the Dungeon
  4764 | D:5      | Found Qyits's Magic Scroll Boutique.
  4770 | D:5      | Bought a scroll of magic mapping for 38 gold pieces
  4792 | D:5      | Found a transporter.
  4794 | D:5      | Noticed lessens's ghost (novice TeAK)
  4826 | D:5      | Reached XP level 8. HP: 64/64 MP: 8/8
  4843 | D:5      | Found Rihiaf's Book Emporium.
  4903 | D:5      | Found Jurro's Book Shop.
  4904 | D:5      | Found Bylizuvy's Weapon Emporium.
  4923 | D:5      | Found Norch's Distillery.
  5107 | D:5      | Found a shimmering altar of Xom.
  5201 | D:5      | Reached skill level 1 in Evocations
  5406 | D:5      | Found a transporter.
  5580 | D:6      | Found Ofoudghia's Assorted Antiques.
  5592 | D:6      | Bought a white potion for 22 gold pieces
  5592 | D:6      | Bought a fuming pink potion for 22 gold pieces
  5592 | D:6      | Bought a smoky sapphire potion for 22 gold pieces
  5744 | D:6      | Found a sacrificial altar of Ru.
  6132 | D:6      | Found a glowing golden altar of the Shining One.
  6302 | D:6      | Found a staircase to the Ecumenical Temple.
  6328 | Temple   | Entered the Ecumenical Temple
  6554 | Temple   | Became a worshipper of Warmaster Okawaru
  6695 | D:6      | Reached skill level 1 in Invocations
  6814 | D:7      | Reached XP level 9. HP: 55/72 MP: 10/10
  6989 | D:7      | Reached * piety under Okawaru
  7140 | D:7      | Found Rack's Antique Weapon Shop.
  7365 | D:7      | Found a shadowy altar of Dithmenos.
  7409 | D:7      | Noticed an unseen horror
  7425 | D:7      | Killed an unseen horror
  7474 | D:7      | Noticed a boulder beetle
  7577 | D:6      | Slain by a wight

Illustrated notes

Levels and vault maps discovered:
D:1:      dpeg_arrival_stone_temple_mockup, layout_basic,
          grunt_decor_resistance, hangedman_decor_lopped
D:2:      layout_loops_ring, nicolae_qazlal_general_emergency, minivault_23,
          grunt_ministairs_2, nrook_loot_triangle, tgw_trog
D:3:      layout_loops_ring, fedhas_altar_2, nicolae_underground_beach,
          uniq_jessica, uniq_terence, uniq_natasha, uniq_sigmund
D:4:      layout_cave_pools, feat_on_display
D:5:      layout_basic, led_xom_imps, serial_shops, shop, shop_coins, shop,
          nicolae_shop_competitors_out_of_business, kennysheep_little_box,
          gammafunk_ghost_hive
D:6:      layout_basic, tso_metal_star, overflow_temple_1_default,
          minmay_temple_entry_nine_rooms, serial_shops,
          nicolae_shop_overgrown_old_shop
D:7:      minmay_the_grid_four_pointed_star
          [minmay_the_grid_triangle_9x9_longest,
          minmay_the_grid_triangle_9x9_flanged_cone,
          minmay_the_grid_triangle_9x9_thin_v,
          minmay_the_grid_triangle_9x9_negative_grid,
          minmay_the_grid_prize_trominoes], layout_cave_pools, serial_shops,
          shop, basic_altar, chequers_decorated_corner, grunt_ministairs_10
Temple:   minmay_temple_curvy_branch

Skill      XL: |  1  2  3  4  5  6  7  8  9 |
---------------+----------------------------+-----
Shields        | 4 5 6 7 8 |  8.7
Fighting       | 4 5 6 7 8 |  8.0
Armour         | 4 5 6 7 8 |  8.0
Evocations     | 2 4 |  4.6
Invocations    | 1 4 |  4.2
Long Blades    | |  2.0

Action                   |  1- 3 |  4- 6 |  7- 9 || total
-------------------------+-------+-------+-------++-------
Melee: Long sword        |   114 |       |       ||   114
       Mace              |    21 |   155 |   368 ||   544
Invok: Heroism           |       |       |     3 ||     3
Evoke: Wand              |       |       |     2 ||     2
  Use: Potion            |       |     1 |     3 ||     4
       Scroll            |       |       |     4 ||     4
Armor: Scale mail        |    87 |    52 |   125 ||   264
Dodge: Dodged            |    72 |    49 |   240 ||   361
Block: Kite shield       |   110 |    82 |   319 ||   511
       Rpst.: Long sword |    16 |       |       ||    16
